 Dungeon Crawl Stone Soup version 0.22.1-2-g9c5b331 (webtiles) character file.

44 lysyklops the Ruffian (level 3, -3/29 HPs)
             Began as a Draconian Transmuter on Dec 18, 2018.
             Slain by a sky beast (6 damage)
             ... on level 2 of the Dungeon.
             The game lasted 00:03:51 (1425 turns).

lysyklops the Ruffian (Draconian Transmuter)        Turns: 1425, Time: 00:03:52

Health: -3/29      AC:  5    Str: 12    XL:     3   Next: 41%
Magic:  6/6        EV: 12    Int: 14    God:
Gold:   43         SH:  0    Dex: 11    Spells: 5/6 levels left

rFire    . . .     SeeInvis .     - Unarmed
rCold    . . .     Gourm    .   (no shield)
rNeg     . . .     Faith    .   (armour unavailable)
rPois    .         Spirit   .   (helmet restricted)
rElec    .         Reflect  .   (no cloak)
rCorr    .         Harm     .   (no gloves)
MR       .....                  (no boots)
Stlth    +.........             (no amulet)
HPRegen  0.09/turn              (no ring)
MPRegen  0.10/turn              (no ring)

@: no status effects
A: unfitting armour, cold-blooded, AC +5
a: no special abilities


You were on level 2 of the Dungeon.
You were not hungry.

You visited 1 branch of the dungeon, and saw 2 of its levels.

You collected 43 gold pieces.

Inventory:

Missiles
 a - 12 arrows
Jewellery
 h - an uncursed ring of ice {unknown}
Scrolls
 f - a scroll of teleportation {unknown}
 i - a scroll of noise {unknown}
 j - 3 scrolls of identify {unknown}
 l - a scroll of fog {unknown}
 n - 3 scrolls of amnesia {unknown}
Potions
 b - 2 potions of resistance {unknown}
 d - a potion of lignification {unknown}
 e - a potion of mutation {unknown}
 g - a potion of brilliance {unknown}
 k - a potion of degeneration {unknown}
 m - a potion of agility {unknown}
Comestibles
 c - 2 rations


   Skills:
 + Level 1.9 Fighting
 + Level 2.2 Dodging
 + Level 3.3 Unarmed Combat
 + Level 2.3 Spellcasting
 + Level 2.4 Transmutations


You had 5 spell levels left.
You knew the following spells:

 Your Spells              Type           Power        Failure   Level  Hunger
a - Beastly Appendage     Tmut           #.....       9%          1    #......

Your spell library contained the following spells:

 Spells                   Type           Power        Failure   Level  Hunger
 Sticks to Snakes         Tmut           #.......     13%         2    ###....
 Spider Form              Tmut/Pois      #.........   38%         3    ###....
 Ice Form                 Ice/Tmut       #.......     80%         4    #####..
 Blade Hands              Tmut           #.........   93%         5    ######.


Dungeon Overview and Level Annotations

Branches:
Dungeon (2/15)

Altars:


Innate Abilities, Weirdness & Mutations

Your plain brown scales are hard. (AC +5)
You cannot fit into any form of body armour.
You are cold-blooded and may be slowed by cold attacks.


Message History

* * * LOW HITPOINT WARNING * * *
You closely miss something. You headbutt something.
Something hits you but does no damage.
You see here a robe.
Your transformation is almost over.
A sky beast appears from thin air!
Reactivating autopickup.
You closely miss the sky beast.
The sky beast is lightly wounded.
Your horns disappear.
The sky beast closely misses you.
You completely miss the sky beast.
You tail-slap the sky beast, but do no damage.
The sky beast is lightly wounded.
The sky beast flickers out of sight!
Deactivating autopickup; reactivate with Ctrl-A.
Something hits you.
* * * LOW HITPOINT WARNING * * *
Something shocks you.
You die...

#### #.. #.#
#@# ######{#
#......#
#......# #
#......#
#..####.....##
+...........#
..###......# #
#....[.#


There were no monsters in sight!

Vanquished Creatures
  2 oozes (D:1)
  A worm (D:2)
  2 leopard geckos (D:1)
  A ball python (D:1)
  4 bats (D:1)
  3 goblins (D:1)
  4 hobgoblins (D:1)
  3 jackals (D:1)
  3 kobolds
  2 frilled lizards (D:1)
  6 rats
31 creatures vanquished.

Notes
Turn   | Place    | Note
-------+----------+-------------------------------------------
     0 | D:1      | lysyklops the Draconian Transmuter began the quest for the
                  | Orb.
     0 | D:1      | Reached XP level 1. HP: 16/16 MP: 3/3
   293 | D:1      | Reached XP level 2. HP: 19/23 MP: 3/5
  1035 | D:1      | Reached XP level 3. HP: 17/29 MP: 6/6
  1320 | D:2      | Noticed a sky beast
  1425 | D:2      | Slain by a sky beast

Skill      XL: |  1  2 |
---------------+-------+-----
Dodging        | 2 |  2.2
Fighting       | |  1.9
Unarmed Combat | |  3.3
Spellcasting   | |  2.3
Transmutations | |  2.4

Action                   || total
-------------------------++-------
Melee: Unarmed           ||   125
       Tailslap          ||    14
       Kick              ||     9
       Headbutt          ||     4
       Punch             ||     2
 Cast: Beastly Appendage ||    16
  Eat: Chunk             ||     2
Armor: Skin              ||    32
Dodge: Dodged            ||    84
